 Dungeon Crawl Stone Soup version 0.29-a0-775-g4d7333d4e2 (webtiles) character file.

Game seed: 17179985366197738811

4130 zeratav the Ruffian (level 10, -3/100 HPs)
             Began as a Troll Fighter on July 1, 2022.
             Was an Initiate of Ru.
             Slain by an orange demon (6 damage)
             ... led by Amaemon
             ... on level 8 of the Dungeon.
             The game lasted 00:08:09 (6603 turns).

zeratav the Ruffian (Troll Fighter)                 Turns: 6603, Time: 00:08:10

Health: -3/100     AC:  9    Str: 30    XL:     10   Next: 6%
Magic:  9/9        EV:  9    Int:  4    God:    Ru [......]
Gold:   343        SH:  9    Dex:  9    Spells: 9/9 levels left

rFire   . . .      SeeInvis .     - Unarmed
rCold   . . .      Faith    .   b - +0 kite shield
rNeg    . . .      Spirit   .   a - +0 robe
rPois   .          Reflect  .   p - +0 hat
rElec   .          Harm     .   A - +0 cloak
rCorr   .          Rampage  .   (gloves unavailable)
Will    .....                   (boots unavailable)
Stlth   +.........              g - amulet of regeneration {@e2}
HPRegen 1.86/turn               u - +4 ring of protection
MPRegen 0.11/turn               (no ring)

@: lethally poisoned (-3 -> -5), slowed, very slow
A: large, unfitting armour, claws 3, regeneration 1, shaggy fur 1, tough skin 1
a: Renounce Religion


You were on level 8 of the Dungeon.
You worshipped Ru.
Ru was noncommittal.
You visited 2 branches of the dungeon, and saw 9 of its levels.
You also visited: Sewer.

You collected 382 gold pieces.
You spent 39 gold pieces at shops.


Innate Abilities, Weirdness & Mutations

You are too large for most types of armour.
You have claws for hands.
Your natural rate of healing is unusually fast.
You are covered in fur. (AC +1)
You have tough skin. (AC +1)


   Skills:
 + Level 6.5 Fighting
 + Level 6.4 Throwing
 - Level 2.4 Dodging
 + Level 7.1 Shields
 + Level 7.8 Unarmed Combat


You had 9 spell levels left.
You didn't know any spells.
Your spell library contained the following spells:

 Spells                   Type           Power      Damage    Failure   Level
 Summon Small Mammal      Summ           0%         N/A       75%         1
 Poisonous Vapours        Pois/Air       0%         N/A       87%         2
 Scorch                   Fire           0%         2d5       87%         2
 Call Canine Familiar     Summ           0%         N/A       98%         3
 Conjure Flame            Conj/Fire      0%         6-21      98%         3
 Ignite Poison            Fire/Tmut/Pois 0%         N/A       98%         3
 Summon Guardian Golem    Hex/Summ       0%         N/A       98%         3
 Corpse Rot               Necr/Pois/Air  0%         N/A       100%        4
 Dispel Undead            Necr           0%         3d6       100%        4
 Flame Wave               Conj/Fire      0%         2d4       100%        4
 Sticky Flame             Conj/Fire      0%         2d3       100%        4
 Death Channel            Necr           0%         N/A       100%        6
 Summon Cactus Giant      Summ           0%         N/A       100%        6
 Malign Gateway           Summ/Tloc      0%         N/A       100%        7
 Summon Horrible Things   Summ           0%         N/A       100%        8

Inventory:

Missiles
 s - 14 poisoned darts (quivered) {throwing}
 G - 2 boomerangs {throwing}
 L - 2 throwing nets {=fthrowing}
Armour
 a - a +0 robe (worn)
 b - a +0 kite shield (worn)
 p - a +0 hat (worn)
   (You found it on level 2 of the Dungeon)
 A - a +0 cloak (worn)
   (You took it off Crazy Yiuf on level 5 of the Dungeon)
 D - a +0 robe of resistance
   (You took it off an orc wizard on level 6 of the Dungeon)
Jewellery
 g - an amulet of regeneration (around neck) {@e2}
   (You found it on level 1 of the Dungeon)
 u - a +4 ring of protection (left claw)
   (You found it in a sewer)
 M - an amulet of the acrobat
   (You found it on level 8 of the Dungeon)
Wands
 n - a wand of iceblast (7)
   (You found it on level 2 of the Dungeon)
 B - a wand of charming (28)
   (You found it on level 6 of the Dungeon)
 F - a wand of flame (2)
   (You found it on level 7 of the Dungeon)
 H - a wand of light (3)
   (You found it on level 7 of the Dungeon)
 I - a wand of mindburst (8)
   (You found it on level 7 of the Dungeon)
 N - a wand of digging (1)
   (You found it on level 8 of the Dungeon)
Scrolls
 d - 2 scrolls of amnesia {unknown}
 e - 3 scrolls of brand weapon {unknown}
 f - 12 scrolls of identify {unknown}
 i - a scroll of enchant weapon {unknown}
 j - a scroll of fog {unknown}
 m - 2 scrolls of blinking {unknown}
 q - 9 scrolls of teleportation {unknown}
 r - 2 scrolls of noise {unknown}
 t - a scroll of fear {unknown}
 w - 2 scrolls of immolation {unknown}
 z - a scroll of magic mapping {unknown}
 C - 2 scrolls of poison {unknown}
 J - a scroll of vulnerability {unknown}
Potions
 c - 2 potions of might
 h - 4 potions of heal wounds {unknown}
 k - 5 potions of curing {@q1}
 l - 3 potions of brilliance {unknown}
 o - 4 potions of mutation {unknown}
 v - 3 potions of invisibility {unknown}
 x - a potion of ambrosia {unknown}
 E - 4 potions of degeneration {unknown}
 K - a potion of attraction {unknown}

Dungeon Overview and Level Annotations

Branches:
Dungeon (8/15) Zot: 26512  Temple (1/1) D:7 Zot: 5738   Sewer (visited)
   Lair: D:8-11

Altars:
Ashenzari
Cheibriados
Dithmenos
Elyvilon
Fedhas
Gozag
Hepliaklqana
Kikubaaqudgha
Makhleb
Okawaru
Qazlal
Ru
Sif Muna
Trog
Uskayaw
Vehumet
Wu Jian
Xom
Yredelemnul
Zin
The Shining One

Shops:
D:5 !

Annotations:
D:8 Amaemon

###.####.# #.
...##.# ###.
#.##.## 4..
#.....########
#.###............#
##(........###.##.#
#...#......# #....#
#.>...#.##.###s##.#
#...###.##(.46@##.#
#.......####c####.#
#..###### #.# #.#
#.. #.# #.# #># #.#
#.# #.# #.# #.# #.#
### #.# #.## ..#
#.# #..#


You could see Amaemon, an orange demon, a centaur and a scorpion (summoned).


Message History

Aim: Amaemon, wielding a +0 demon whip of venom (moderately wounded, 55% to hit)
You throw a javelin {throwing}.
The javelin {throwing} barely misses Amaemon.
The javelin {throwing} barely misses the orange demon.
You barely miss Amaemon.
The orange demon no longer looks unusually toxic.
You block the orange demon's attack.
Amaemon casts a spell at the orange demon.
The orange demon seems to grow toxic.
You claw Amaemon! You block Amaemon's attack. Amaemon claws you!
Amaemon tail-slaps you but does no damage.
The orange demon stings you from afar!
HP[-17]
You take 17 damage, and now have 83/100 hp.
You mangle Amaemon!!
The orange demon stings you but does no damage.
Amaemon barely misses you. x2; You block Amaemon's attack.
HP[+2]
You regained 2 hp, and now have 85/100 hp.
You closely miss Amaemon.
Amaemon hits you with a +0 demon whip of venom!
You are poisoned.
You block Amaemon's attack. Amaemon tail-slaps you.
You are more poisoned.
Amaemon poisons you! The orange demon stings you from afar!
You are more poisoned.
You have difficulty breathing.
You feel yourself slow down.
HP[-32]
You take 32 damage, and now have 53/100 hp.
MASSIVE DAMAGE!! (PAUSE)
You scratch Amaemon.
You feel extremely sick. Amaemon hits you but does no damage.
You are more poisoned.
You block Amaemon's attack. Amaemon barely misses you.
The orange demon stings you but does no damage.
HP[-12]
You take 12 damage, and now have 41/100 hp.
You feel better. You block Amaemon's attack. Amaemon claws you.
* * * LOW HITPOINT WARNING * * *
You block Amaemon's attack. The orange demon stings you from afar.
* * * LOW HITPOINT WARNING * * *
The orange demon stings you from afar!
* * * LOW HITPOINT WARNING * * *
You are poisoned.
You have difficulty breathing.
* * * LOW HITPOINT WARNING * * *
You feel as though you will be slow longer.
Amaemon hits you with a +0 demon whip of venom!
* * * LOW HITPOINT WARNING * * *
Amaemon claws you.
* * * LOW HITPOINT WARNING * * *
Amaemon closely misses you.
HP[-24]
You take 24 damage, and now have 17/100 hp.
MASSIVE DAMAGE!! (PAUSE)
You feel better. You block Amaemon's attack. Amaemon closely misses you.
Amaemon tail-slaps you.
* * * LOW HITPOINT WARNING * * *
You block the orange demon's attack.
HP[+10]
You regained 10 hp, and now have 27/100 hp.
You scratch Amaemon.
Amaemon gestures wildly while chanting.
The orange demon stings you but does no damage.
You block Amaemon's attack. Amaemon claws you!
* * * LOW HITPOINT WARNING * * *
Amaemon tail-slaps you but does no damage.
The orange demon stings you from afar.
* * * LOW HITPOINT WARNING * * *
HP[-8]
You take 8 damage, and now have 19/100 hp.
You closely miss Amaemon.
The orange demon no longer looks unusually toxic.
The scorpion stings you but does no damage.
You block Amaemon's attack. Amaemon claws you but does no damage.
Amaemon tail-slaps you but does no damage.
The orange demon completely misses you.
HP[+3]
You regained 3 hp, and now have 22/100 hp.
You barely miss Amaemon. You block the scorpion's attack.
Amaemon hits you with a +0 demon whip of venom!
* * * LOW HITPOINT WARNING * * *
You are poisoned.
Amaemon completely misses you.
Amaemon tail-slaps you but does no damage.
The orange demon stings you but does no damage.
The scorpion barely misses you.
HP[-7]
You take 7 damage, and now have 15/100 hp.
You mangle Amaemon!!
You feel extremely sick.
Amaemon gestures wildly while chanting.
The orange demon stings you from afar.
* * * LOW HITPOINT WARNING * * *
The scorpion stings you.
* * * LOW HITPOINT WARNING * * *
The orange demon stings you from afar.
You die...

Skill      XL: |  1  2  3  4  5  6  7  8  9 |
---------------+----------------------------+-----
Unarmed Combat | 3 4 5 6 7 |  7.8
Throwing       | 1 2 3 5 6 |  6.4
Shields        | 3 4 5 7 |  7.1
Fighting       | 3 4 5 6 |  6.5
Dodging        | |  2.4

Action                   |  1- 3 |  4- 6 |  7- 9 | 10-12 || total
-------------------------+-------+-------+-------+-------++-------
Melee: Unarmed           |   112 |   202 |   298 |    12 ||   624
Throw: Dart              |       |       |     3 |       ||     3
       Javelin           |       |       |       |     2 ||     2
Evoke: Wand              |       |       |     1 |       ||     1
  Use: Potion            |       |       |       |     2 ||     2
 Stab: Sleeping          |     1 |       |     1 |       ||     2
       Invisible         |       |       |     1 |       ||     1
Armor: Robe              |    38 |    90 |   125 |    12 ||   265
Dodge: Dodged            |    36 |    73 |    80 |    10 ||   199
Block: Kite shield       |    37 |    89 |    97 |    12 ||   235

Levels and vault maps discovered:
D:1:      saegor_arrival_under_anarchy, layout_rooms
D:2:      layout_basic, shapermc_ecumenical_altar_totnotflames, serial_glass,
          glass_columns_b, glass_columns_a
D:3:      layout_loops_cross
D:4:      layout_loops_ring, portal_sewer_entry_d, uniq_duvessa
D:5:      layout_basic, serial_shops, kennysheep_little_box,
          uniq_crazy_yiuf_cottage, uniq_pikel, uniq_menkaure
D:6:      layout_loops_ring, tgw_sif
D:7:      layout_basic, minitemple, minmay_temple_entry_waves
D:8:      layout_loops_ring, grunt_temple_overflow_open, uniq_amaemon
Temple:   oiseaux_autumnal_temple

Notes
Turn   | Place    | Note
-------+----------+-------------------------------------------
     0 | D:1      | zeratav the Troll Fighter began the quest for the Orb.
     0 | D:1      | Reached XP level 1. HP: 22/22 MP: 0/0
     0 | D:1      | magus.rc [v1.9.6]
    76 | D:1      | Reached XP level 2. HP: 29/29 MP: 1/1
   105 | D:1      | Reached skill level 3 in Unarmed Combat
   280 | D:1      | You add the spells Conjure Flame, Ignite Poison and Sticky
                  | Flame to your library.
   375 | D:1      | Reached XP level 3. HP: 36/36 MP: 2/2
   594 | D:2      | Found a faded altar of an unknown god.
  1040 | D:2      | Reached skill level 1 in Throwing
  1040 | D:2      | Reached skill level 3 in Shields
  1194 | D:3      | Reached XP level 4. HP: 18/44 MP: 3/3
  1485 | D:3      | You pick up a book of Callings and begin reading...
  1485 | D:3      | You add the spells Summon Small Mammal, Call Canine
                  | Familiar and Summon Guardian Golem to your library.
  1668 | D:3      | Reached skill level 3 in Fighting
  1671 | D:3      | Reached XP level 5. HP: 17/53 MP: 4/4
  1827 | D:4      | Reached skill level 2 in Throwing
  1857 | D:4      | Found a glowing drain.
  1874 | Sewer    | Entered a sewer
  1893 | Sewer    | Reached skill level 4 in Unarmed Combat
  1921 | Sewer    | Reached XP level 6. HP: 61/61 MP: 5/5
  2138 | Sewer    | Reached skill level 4 in Shields
  2356 | D:4      | Reached skill level 3 in Throwing
  2356 | D:4      | Reached XP level 7. HP: 68/68 MP: 6/6
  2377 | D:4      | Noticed Duvessa
  2378 | D:4      | Noticed Dowan
  2383 | D:4      | Killed Dowan
  2390 | D:4      | Killed Duvessa
  2391 | D:4      | Reached skill level 4 in Fighting
  2553 | D:4      | Reached skill level 5 in Unarmed Combat
  2663 | D:4      | You add the spells Malign Gateway and Summon Horrible
                  | Things to your library.
  2915 | D:5      | Entered Level 5 of the Dungeon
  3021 | D:5      | Noticed Menkaure
  3070 | D:5      | Killed Menkaure
  3071 | D:5      | Reached XP level 8. HP: 36/79 MP: 7/7
  3148 | D:5      | Noticed Pikel
  3163 | D:5      | Killed Pikel
  3164 | D:5      | Reached skill level 4 in Throwing
  3164 | D:5      | Reached skill level 5 in Shields
  3164 | D:5      | Reached skill level 6 in Unarmed Combat
  3167 | D:5      | Reached skill level 5 in Fighting
  3276 | D:5      | Found a runed translucent door.
  3277 | D:5      | Noticed Crazy Yiuf
  3550 | D:5      | Reached skill level 5 in Throwing
  3715 | D:5      | You pick up a book of Vapours and begin reading...
  3715 | D:5      | You add the spells Poisonous Vapours and Corpse Rot to your
                  | library.
  3782 | D:5      | Found Soydgh's Distillery.
  3788 | D:5      | Bought a potion of curing for 39 gold pieces
  4023 | D:5      | Killed Crazy Yiuf
  4093 | D:6      | Reached XP level 9. HP: 88/88 MP: 8/8
  4175 | D:6      | Reached skill level 6 in Shields
  4433 | D:6      | Found a shimmering blue altar of Sif Muna.
  4462 | D:6      | Reached skill level 7 in Unarmed Combat
  4855 | D:7      | You pick up a book of Decay and begin reading...
  4855 | D:7      | You add the spells Dispel Undead and Death Channel to your
                  | library.
  5084 | D:7      | Reached skill level 6 in Fighting
  5147 | D:7      | Reached skill level 6 in Throwing
  5398 | D:7      | Found a staircase to the Ecumenical Temple.
  5407 | Temple   | Entered the Ecumenical Temple
  5750 | D:7      | Found a broken altar of Ashenzari.
  5751 | D:7      | Found a sacrificial altar of Ru.
  5753 | D:7      | Found a glowing silver altar of Zin.
  5759 | D:7      | Became a worshipper of Ru the Awakened
  6122 | D:8      | Found a basalt altar of Yredelemnul.
  6126 | D:8      | Found a radiant altar of Vehumet.
  6126 | D:8      | Found a stormy altar of Qazlal.
  6129 | D:8      | Found a shimmering altar of Xom.
  6485 | D:8      | Noticed a two-headed ogre
  6488 | D:8      | HP: 13/89 [two-headed ogre/+0 giant club (18)]
  6489 | D:8      | Killed a two-headed ogre
  6490 | D:8      | Reached skill level 7 in Shields
  6490 | D:8      | Reached XP level 10. HP: 17/100 MP: 9/9
  6538 | D:8      | You pick up a book of Scorching and begin reading...
  6538 | D:8      | You add the spells Scorch, Flame Wave and Summon Cactus
                  | Giant to your library.
  6579 | D:8      | Noticed Amaemon
  6579 | D:8      | Noticed an orange demon
  6598 | D:8      | HP: 25/100 [asphyx]
  6603 | D:8      | HP: 10/100 [poisoned by Amaemon]
  6603 | D:8      | HP: 3/100 [scorpion[Amaemon] (4)]
  6603 | D:8      | Slain by an orange demon

Vanquished Creatures
  A two-headed ogre (D:8)
  Pikel (D:5)
  Menkaure (D:5)
  Duvessa (D:4)
  An orc warrior (D:7)
  A sky beast (D:6)
  5 ogres
  2 centaurs
  4 bullfrogs
  A kobold brigand (D:7)
  2 necrophages
  5 scorpions
  Dowan (D:4)
  6 killer bees (D:7)
  2 jellies
  5 hounds
  3 orc priests
  Crazy Yiuf (D:5)
  5 iguanas
  8 orc wizards
  8 gnolls (D:3)
  10 adders
  5 river rats (Sewer)
  2 shadow imps (D:6)
  4 white imps
  An ufetubus (D:5)
  2 worms
  6 dart slugs
  21 orcs
  4 bats
  11 endoplasms
  3 giant cockroaches
  5 goblins
  9 hobgoblins
  3 quokkas (D:1)
  14 ball pythons
  3 frilled lizards
  13 kobolds
  25 rats
205 creatures vanquished.

Table legend:
 A = Non-vault XP
 B = Vault XP
 C = Vault XP percentage of total XP
 D = Non-vault monster count
 E = Vault monster count
 F = Vault count percentage of total count
                 A         B        C        D         E       F
            +---------+---------+-------+---------+---------+-------
      Total |    4413 |    1487 |  25.2 |     150 |      55 |  26.8
            +---------+---------+-------+---------+---------+-------
        D:1 |      44 |       0 |   0.0 |      24 |       0 |   0.0
        D:2 |      31 |       0 |   0.0 |       9 |       0 |   0.0
        D:3 |     161 |       0 |   0.0 |      24 |       0 |   0.0
        D:4 |     408 |     224 |  35.4 |      20 |       3 |  13.0
        D:5 |     680 |     856 |  55.7 |      18 |       3 |  14.3
        D:6 |    1018 |      33 |   3.1 |      23 |       1 |   4.2
        D:7 |    1009 |       0 |   0.0 |      22 |       0 |   0.0
        D:8 |    1062 |       0 |   0.0 |      10 |       0 |   0.0
      Sewer |       0 |     374 | 100.0 |       0 |      48 | 100.0
            +---------+---------+-------+---------+---------+-------

Illustrated notes

Table legend:
 A = Kills in this place as a percentage of kills in entire the game.
 B = Kills by you in this place as a percentage of kills by you in the entire game.
 C = Kills by friends in this place as a percentage of kills by friends in the entire game.
 D = Other kills in this place as a percentage of other kills in the entire game.
 E = Experience gained in this place as a percentage of experience gained in the entire game.
 F = Experience gained in this place divided by the number of levels of this place that you have seen.
                   A       B       C       D       E      F
               +-------+-------+-------+-------+-------+----------------------
         Total | 100.0 | 100.0 |   N/A |   N/A | 100.0 | 590.0
       Dungeon |  76.6 |  76.6 |   N/A |   N/A |  93.7 | 690.8
         Sewer |  23.4 |  23.4 |   N/A |   N/A |   6.3 | 374.0
               +-------+-------+-------+-------+-------+----------------------

Table legend: (Time is in decaauts)
 A = Elapsed time spent in this place.
 B = Non-inter-level travel time spent in this place.
 C = Inter-level travel time spent in this place.
 D = Time resting spent in this place.
 E = Time spent auto-exploring this place.
 F = Levels seen in this place.
 G = Mean time per level.
                   A        B        C        D        E       F      G
               +--------+--------+--------+--------+--------+-----+--------+
         Total |   6717 |   6470 |    247 |     26 |   4992 |  10 |  671.7 |
       Dungeon |   5947 |   5732 |    215 |     26 |   4623 |   8 |  743.4 |
        Temple |    262 |    230 |     32 |      0 |    217 |   1 |  262.0 |
         Sewer |    508 |    508 |      0 |      0 |    151 |   1 |  508.0 |
               +--------+--------+--------+--------+--------+-----+--------+

Top non-repeatable levels by time:
     D:5: 1146 daAuts
     D:7: 1034 daAuts
     D:4: 762 daAuts
     D:6: 743 daAuts
     D:3: 657 daAuts
     D:2: 577 daAuts
     D:1: 539 daAuts
   Sewer: 508 daAuts
     D:8: 485 daAuts
  Temple: 262 daAuts
